 Dungeon Crawl Stone Soup version 0.31-a0-925-g0a390f2509 (webtiles) character file.

Game seed: 2841793772833321333

275 lunkers the Insei (level 6, 0/46 (47) HPs)
             Began as a Meteoran Shapeshifter on Oct 18, 2023.
             Hit by a goblin thrown by Robin (2 damage)
             ... on level 3 of the Dungeon.
             The game lasted 00:03:08 (858 turns).

lunkers the Insei (Meteoran Shapeshifter)            Turns: 858, Time: 00:03:09

HP:   0/46 (47)     AC:  2    Str: 15    XL:     6   Next: 79%
MP:   7/7           EV: 12    Int: 12    God:
Gold: 60            SH:  0    Dex: 16    Spells: 5/5 levels left

rFire   . .          .
                       - Unarmed
rCold   . . .        (no shield)
rNeg    . . .        a - +0 animal skin
rPois   .            (helmet currently unavailable)
rElec   .            (cloak currently unavailable)
rCorr   .            (gloves currently unavailable)
SInv    .            (boots currently unavailable)
Will    .....        (no amulet)
Stlth   +            (no ring)
HPRegen 0.27/turn    (no ring)
MPRegen 0.10/turn

%: no passive effects
@: beast-form, glowing, lightly drained
A: beast (slay +3), sense surroundings 1, otherworldly, glowing, explore regen
a: Begin Untransformation


You were on level 3 of the Dungeon.
You were a hulking beast.
You visited 1 branch of the dungeon, and saw 3 of its levels.

You collected 60 gold pieces.

Inventory:

Armour
 a - a +0 animal skin (worn)
 e - a +0 cloak
 j - a +1 pair of gloves
Talismans
 c - a beast talisman (active)
 d - a flux talisman
Scrolls
 f - 3 scrolls of identify {unknown}
 i - a scroll of amnesia {unknown}
 k - a scroll of fog {unknown}
Potions
 b - a potion of curing {unknown}
 g - a potion of attraction {unknown}
 h - 2 potions of heal wounds {unknown}


   Skills:
 - Level 1.1 Fighting
 - Level 2.1 Dodging
 * Level 7.0 Unarmed Combat
 + Level 5.3 Shapeshifting


You had 5 spell levels left.
You didn't know any spells.
Your spell library contained the following spells:

 Spells                   Type           Power      Damage    Failure   Level
 Stone Arrow              Conj/Erth      0%         3d7       69%         3
 Animate Armour           Summ/Erth      0%         N/A       97%         4
 Lehudib's Crystal Spear  Conj/Erth      0%         10d2      100%        8


Dungeon Overview and Level Annotations

Branches:
Dungeon (3/15) Zot: 954

Altars:

Annotations:
D:3 Robin


Innate Abilities, Weirdness & Mutations

You are a hulking beast.
Your limbs bulge with bestial killing power. (Slay +3)
You passively map a small area around you.
You are easily found by Zot.
You glow in the dark.
You regain HP and MP as you explore.


Message History

You miss the goblin. Your punch misses the goblin.
The goblin no longer looks unusually strong.
Robin throws the goblin at you! The goblin hits you with a +0 club.
* * * LOW HITPOINT WARNING * * *
You closely miss the goblin. The goblin hits you with a +0 club.
* * * LOW HITPOINT WARNING * * *
The goblin misses you.
You closely miss the goblin.
Robin roars a battlecry!
The goblin goes into a battle-frenzy!
The goblin hits you with a +0 club.
* * * LOW HITPOINT WARNING * * *
The goblin barely misses you.
You hit the goblin.
The goblin is moderately wounded.
The goblin hits you with a +0 club.
* * * LOW HITPOINT WARNING * * *
Unknown command.
Okay, then.
You barely miss the goblin.
The goblin is moderately wounded.
The goblin no longer looks unusually strong.
The goblin hits you with a +0 club.
* * * LOW HITPOINT WARNING * * *
Unknown command.
You hit the goblin.
You kill the goblin!
Robin says, "My army is invincible!"
The goblin closely misses you.
You hit the goblin.
The goblin is heavily wounded.
The goblin hits you but does no damage.
You punch the goblin!
You kill the goblin!
Your Unarmed Combat skill increases to level 7!
You hit the goblin.
The goblin is moderately wounded.
The goblin completely misses you. Robin throws the goblin at you!
You die...
Robin calls out, "Let's celebrate!
Time for a feast!"

, ,..... .......# *
...... , ........
...... ........#*
###...... *
...P....#####........
,
..P.P..#........ggg.
, ♣.......# #g# , ..
* ♣PP♣..####)# ..♣
♣.....##h#*, , , ...♣
♣♣..##..g)# * .....
.PPP♣♣♣♣...##..### *
.... ...P.♣P.P.###..#
* , , ... ...P.P♣♣P.#
#..# * #.. ,
#.PP.P.## #..# #..
,##P....# ##..#### ,
#.
,,##.....##........ ,
* #. ,
#......#..###..### ..
* #.


You could see Robin and a goblin (strong).

Vanquished Creatures
  Sigmund (D:3)
  Natasha (D:3)
  3 adders (D:3)
  A worm (D:2)
  A dart slug (D:2)
  3 ball pythons
  4 bats
  7 endoplasms
  A giant cockroach (D:1)
  12 goblins
  3 hobgoblins
  2 jackals (D:2)
  3 quokkas
  2 frilled lizards (D:1)
  A kobold (D:1)
45 creatures vanquished.

Notes
Turn   | Place    | Note
-------+----------+-------------------------------------------
     0 | D:1      | lunkers the Meteoran Shapeshifter began the quest for the
                  | Orb.
     0 | D:1      | Reached XP level 1. HP: 16/16 MP: 2/2
   243 | D:1      | Reached skill level 4 in Unarmed Combat
   243 | D:1      | Reached XP level 2. HP: 17/23 MP: 3/3
   429 | D:2      | Reached XP level 3. HP: 27/28 MP: 4/4
   553 | D:2      | Found a faded altar of an unknown god.
   653 | D:3      | Noticed Sigmund
   653 | D:3      | Noticed Natasha
   663 | D:3      | Killed Sigmund
   664 | D:3      | Reached skill level 6 in Unarmed Combat
   664 | D:3      | Reached skill level 5 in Shapeshifting
   664 | D:3      | Reached XP level 4. HP: 35/35 MP: 0/5
   664 | D:3      | Reached XP level 5. HP: 40/40 MP: 0/6
   664 | D:3      | Reached XP level 6. HP: 47/47 MP: 0/7
   669 | D:3      | Killed Natasha
   831 | D:3      | Noticed Robin
   854 | D:3      | HP: 1/45 [goblin/+0 club[Robin] (5)]
   858 | D:3      | Reached skill level 7 in Unarmed Combat
   858 | D:3      | Hit by a goblin thrown by Robin

Illustrated notes

Levels and vault maps discovered:
D:1:      tarquinn_simple_flora_water_f, layout_loops_ring
D:2:      layout_basic, nicolae_ecumenical_oubliette
D:3:      layout_rooms, fedhas_altar_3, serial_forest, infiniplex_forest_end_2,
          infiniplex_forest_clump_large, infiniplex_forest_lined_ring,
          infiniplex_forest_clump_long, infiniplex_forest_join, uniq_sigmund,
          uniq_robin, uniq_natasha

Skill      XL: |  1  2  3  4  5  6 |
---------------+-------------------+-----
Unarmed Combat | 4 6 7 |  7.0
Shapeshifting  | 5 |  5.3
Fighting       | |  1.1
Dodging        | |  2.1

Action                     |  1- 3 |  4- 6 || total
---------------------------+-------+-------++-------
  Melee: Unarmed           |    75 |    53 ||   128
         Punch             |     1 |       ||     1
    Use: Potion            |     1 |       ||     1
 Armour: Animal skin       |    47 |    24 ||    71
         Skin              |    19 |    43 ||    62
  Dodge: Dodged            |    65 |    20 ||    85

Table legend: (Time is in decaauts)
 A = Elapsed time spent in this place.
 B = Non-inter-level travel time spent in this place.
 C = Inter-level travel time spent in this place.
 D = Time resting spent in this place.
 E = Time spent auto-exploring this place.
 F = Levels seen in this place.
 G = Mean time per level.
                   A        B        C        D        E       F      G
               +--------+--------+--------+--------+--------+-----+--------+
         Total |    845 |    800 |     45 |      4 |    525 |   3 |  281.7 |
       Dungeon |    845 |    800 |     45 |      4 |    525 |   3 |  281.7 |
               +--------+--------+--------+--------+--------+-----+--------+

Top non-repeatable levels by time:
     D:1: 417 daAuts
     D:2: 230 daAuts
     D:3: 197 daAuts
